AoeStats
← b站江条

Arabia

509047964Analyzed
1v1 RM · 6d ago on Sep 25, 2026· 49m 41s· 2 players
Game mode
Random Map
Map size
Tiny (2 player)
Population
200
Speed
Normal
Resources
Standard
Victory
Conquest
Starting age
Dark Age
Ending age
Imperial Age
RankedLock teamsTeams togetherTeam positionsShared explorationLock speedFull tech treeHidden civsTurbo modeCheats
Victory
Defeat
🇨🇳 Maya · China
1361
+16
🇻🇳 Vikings · Vietnam
1369
-16
b站江条
0:25 Loom
8:31 Feudal Age
10:14 Double-Bit Axe
13:52 Wheelbarrow
15:25 Fletching
16:23 Padded Archer Armor
16:55 Town Watch
19:45 Horse Collar
24:15 Castle Age
25:00 Bodkin Arrow
25:03 Gold Mining
25:25 Bow Saw
25:17 Heavy Plow
24:49 Crossbowman
24:58 Crossbowman
26:36 Leather Archer Armor
29:55 Ballistics
35:30 Imperial Age
33:19 Hand Cart
35:08 Stone Mining
35:42 Arbalester
36:29 Thumb Ring
37:27 Chemistry
36:31 Bracer
39:22 Two-Man Saw
38:54 Crop Rotation
38:56 Conscription
40:13 Guilds
40:55 Ring Archer Armor
42:13 Scale Mail Armor
42:24 Forging
43:21 Holcans
42:35 Eagle Warrior
43:15 Squires
43:01 Treadmill Crane
43:30 Town Patrol
45:23 Chain Mail Armor
45:43 Iron Casting
44:35 Elite Eagle Warrior
45:39 Arson
47:24 Plate Mail Armor
49:15 Blast Furnace
49:25 Masonry
Duc Duong
5:32 Loom
8:32 Feudal Age
12:56 Fletching
15:07 Padded Archer Armor
23:08 Castle Age
21:16 Double-Bit Axe
21:30 Horse Collar
22:04 Gold Mining
24:02 Crossbowman
25:56 Ballistics
26:17 Bow Saw
26:09 Heavy Plow
26:35 Bodkin Arrow
27:34 Leather Archer Armor
35:22 Imperial Age
35:25 Arbalester
36:35 Capped Ram
38:11 Bracer
41:55 Ring Archer Armor
41:42 Siege Ram
44:15 Chemistry
46:32 Conscription
45:38 Elite Skirmisher
Connection lost

Rejoining the realm…

Still unreachable

The connection could not be restored.

Session expired

The server has moved on; the page needs a fresh start.